 Dungeon Crawl Stone Soup version 0.19-a0-1201-gda63bca (webtiles) character file.

23 kosy22 the Ruffian (level 2, -2/25 HPs)
             Began as a Naga Transmuter on Aug 20, 2016.
             Slain by a jackal (3 damage)
             ... on level 1 of the Dungeon.
             The game lasted 00:02:48 (1431 turns).

kosy22 the Ruffian (Naga Transmuter)                Turns: 1431, Time: 00:02:49

Health: -2/25      AC:  1    Str: 17    XL:     2   Next: 95%
Magic:  2/5        EV: 10    Int: 13    God:
Gold:   20         SH:  0    Dex: 11    Spells: 2 memorised, 2 levels left

rFire  . . .     SeeInvis +       - Unarmed
rCold  . . .     Gourm    .     b - +0 robe
rNeg   . . .     Faith    .     (no shield)
rPois  +         Spirit   .     (no helmet)
rElec  .         Dismiss  .     (no cloak)
rCorr  .         Reflect  .     (no gloves)
MR     .....     Harm     .     (no barding)
Stlth  +.........               (no amulet)
                                (no ring)
                                (no ring)

@: mighty, very slow
A: see invisible, deformed body, poison resistance, slowness 2, slow metabolism
1, spit poison 2, AC +0
a: Spit Poison


You were on level 1 of the Dungeon.
You were not hungry.

You visited 1 branch of the dungeon, and saw 1 of its levels.

You collected 20 gold pieces.

Inventory:

Missiles
 a - 10 arrows
Armour
 b - a +0 robe (worn)
 h - a +0 shield
Scrolls
 e - a scroll of identify {unknown}
 g - a scroll of teleportation {unknown}
Books
 c - a book of Changes

   Spells                             Type                      Level
   a - Beastly Appendage              Transmutation                1
   b - Sticks to Snakes               Transmutation                2
   c - Spider Form                    Transmutation/Poison         3
   d - Ice Form                       Ice/Transmutation            4
   e - Blade Hands                    Transmutation                5
Comestibles
 d - 2 bread rations


   Skills:
 + Level 1.2 Fighting
 + Level 1.8 Dodging
 + Level 0.4 Stealth
 + Level 3.4 Unarmed Combat
 + Level 2.2 Spellcasting
 + Level 2.1 Transmutations


You had 2 spell levels left.
You knew the following spells:

 Your Spells              Type           Power        Failure   Level  Hunger
a - Beastly Appendage     Tmut           #.....       12%         1    ##.....
b - Sticks to Snakes      Tmut           #.......     17%         2    ###....


Dungeon Overview and Level Annotations

Branches:
Dungeon (1/15)

Altars:


Innate Abilities, Weirdness & Mutations

You cannot wear boots.
Your serpentine skin is tough. (AC +0)
You have supernaturally acute eyesight. (SInv)
Armour fits poorly on your strangely shaped body.
Your system is resistant to poisons. (rPois)
You cover ground very slowly.
You have a slow metabolism.
You can spit poison.


Message History

Your ball python grabs the jackal.
Your ball python constricts the jackal.
The jackal struggles to escape constriction.
The jackal bites you.
* * * LOW HITPOINT WARNING * * *
Your ball python bites the jackal but does no damage.
Your ball python constricts the jackal.
The jackal struggles to escape constriction.
Okay, then.
Okay, then.
Your ball python bites the jackal.
Your ball python constricts the jackal.
The jackal struggles to escape constriction.
The jackal bites you.
* * * LOW HITPOINT WARNING * * *
Your ball python bites the jackal but does no damage.
Your ball python constricts the jackal.
It was a potion of might.
You feel very mighty all of a sudden.
The jackal struggles to escape constriction.
The jackal bites you.
You die...

#..#####.# #..# # #####..### #
##........###.#####
##...##S.#.......... #
####.#.#.#h..####.##### #
#......##.........# #
#.##.###h#...###### #
####.###.#@###.## # #.......#.##
#.# .# # #.##.##.### #.# #.# #
#.##.##.# ##'## #.# #....##.#
##...## #.# #.#####.# ##.....##
#.### #.......###.......## #.#.##
#######.....####.........###.....
...............'..[......'.......


You could see 2 jackals and a friendly ball python.

Vanquished Creatures
  A dart slug (D:1)
  A giant gecko (D:1)
  A bat (D:1)
  4 goblins (D:1)
  2 hobgoblins (D:1)
  A jackal (D:1)
  2 giant newts (D:1)
  6 kobolds (D:1)
  A rat (D:1)
19 creatures vanquished.

Notes
Turn   | Place    | Note
-------+----------+-------------------------------------------
     0 | D:1      | kosy22 the Naga Transmuter began the quest for the Orb.
     0 | D:1      | Reached XP level 1. HP: 18/18 MP: 3/3
   566 | D:1      | Reached XP level 2. HP: 9/25 MP: 3/5
   831 | D:1      | Learned a level 2 spell: Sticks to Snakes
  1430 | D:1      | HP: 1/25 [jackal (2)]
  1431 | D:1      | Slain by a jackal

Vault maps used:
D:1:      dpeg_arrival_lava_altar

Action                   || total
-------------------------++-------
Melee: Unarmed           ||    65
       Headbutt          ||     4
       Punch             ||     1
 Cast: Beastly Appendage ||     6
       Sticks to Snakes  ||     2
  Use: Potion            ||     1
 Stab: Sleeping          ||     1
  Eat: Chunk             ||     1
Armor: Robe              ||     9
Dodge: Dodged            ||    42
